 Dungeon Crawl Stone Soup version 0.17.1-3-g152610e (webtiles) character file.

48 Knatos the Firebug (level 4, -15/30 HPs)
             Began as a Human Fire Elementalist on Mar 10, 2016.
             Demolished by an ogre
             ... wielding a +0 giant spiked club
              (24 damage)
             ... on level 4 of the Dungeon on Mar 11, 2016.
             The game lasted 00:20:57 (1339 turns).

Knatos the Firebug (Human Fire Elementalist)        Turns: 1339, Time: 00:20:57

Health: -15/30     AC:  2    Str: 13    XL:     4   Next: 0%
Magic:  3/7        EV: 13    Int: 16    God:
Gold:   19         SH:  0    Dex: 13    Spells: 3 memorised, 2 levels left

rFire  + . .     SeeInvis .     e - +0 hunting sling
rCold  x . .     Clarity  .     a - +0 robe
rNeg   . . .     SustAt   .     (no shield)
rPois  .         Gourm    .     (no helmet)
rElec  .         Spirit   .     (no cloak)
rCorr  .         Warding  .     (no gloves)
rMut   .         Stasis   .     (no boots)
MR     .....                    (no amulet)
Stlth  ++........               k - ring of fire
                                g - +4 ring of strength

@: very slightly contaminated, not resistant to hostile enchantments, unstealthy
A: no striking features
a: no special abilities


You were on level 4 of the Dungeon.
You were not hungry.

You visited 1 branch of the dungeon, and saw 4 of its levels.

You collected 19 gold pieces.

Inventory:

Hand Weapons
 e - a +0 hunting sling (weapon)
Missiles
 d - 43 stones (quivered)
Armour
 a - a +0 robe (worn)
Jewellery
 g - a +4 ring of strength (left hand)
 k - a ring of fire (right hand)
Scrolls
 f - a scroll of identify {unknown}
 h - a scroll of teleportation
Potions
 i - a potion of resistance
Books
 b - a book of Flames

   Spells                             Type                      Level
   a - Flame Tongue                   Conjuration/Fire             1
   b - Throw Flame                    Conjuration/Fire             2
   c - Conjure Flame                  Conjuration/Fire             3
   d - Inner Flame                    Hexes/Fire                   3
   e - Sticky Flame                   Conjuration/Fire             4
   f - Fireball                       Conjuration/Fire             5


   Skills:
 + Level 0.6 Throwing
 + Level 2.6 Dodging
 + Level 2.1 Stealth
 * Level 2.6 Spellcasting
 + Level 1.2 Conjurations
 + Level 3.3 Fire Magic


You had 2 spell levels left.
You knew the following spells:

 Your Spells              Type           Power        Failure   Level  Hunger
a - Flame Tongue          Conj/Fire      ##...        10%         1    #......
b - Throw Flame           Conj/Fire      ##....       14%         2    ##.....
c - Conjure Flame         Conj/Fire      ##......     28%         3    ###....


Dungeon Overview and Level Annotations

Branches:
Dungeon (4/15)
 Temple: D:4-7

Altars:


Message History

Aim: an ogre, wielding a giant spiked club You feel a surge of power!
The puff of flame hits the ogre.
The ogre is moderately wounded.
Casting: Throw Flame
Confirm with . or Enter, or press ? or * to list all spells.
Aiming: Throw Flame
Press: ? - help, Shift-Dir - straight line, f/p - ogre
Aim: an ogre, wielding a giant spiked club (moderately wounded)
You feel a surge of power!
You miscast Throw Flame.
You are very lightly contaminated with residual magic.
You feel uncomfortably hot. The ogre barely misses you.
You hear the brisk rusting of a very distant drain.
The ogre barely misses you.
The ogre hits you with a giant spiked club!
Ouch! That really hurt!
* * * LOW HITPOINT WARNING * * *
The ogre hits you with a giant spiked club!!
Ouch! That really hurt!
You die...

##########
####################.......(#
....#..............#........#
....#..............#......(.#
....#..............#W.......#
....#....##...##@O.'........#
....#....#######...#........#
#...##...##...######........#
#'####...##...#)........#####
....).........+.ยง.......#
....#....######.........#
....#....# #..(......#
....#....# #.........#
....#....# #.........#


You could see a phantom and an ogre.

Vanquished Creatures
  2 adders (D:3)
  2 oozes (D:1)
  2 orcs (D:3)
  3 hobgoblins
  3 kobolds (D:1)
  2 bats (D:1)
  A giant cockroach (D:1)
  2 giant newts
  4 goblins
  2 rats (D:1)
23 creatures vanquished.

Notes
Turn   | Place    | Note
--------------------------------------------------------------
     0 | D:1      | Knatos the Human Fire Elementalist began the quest for the Orb.
     0 | D:1      | Reached XP level 1. HP: 13/13 MP: 3/3
    84 | D:1      | Reached XP level 2. HP: 13/19 MP: 0/5
   110 | D:1      | Learned a level 2 spell: Throw Flame
   467 | D:1      | Reached XP level 3. HP: 24/24 MP: 0/6
   540 | D:3      | Learned a level 3 spell: Conjure Flame
  1166 | D:4      | Noticed a phantom
  1307 | D:4      | Reached XP level 4. HP: 20/30 MP: 4/7
  1310 | D:4      | Noticed an ogre
  1339 | D:4      | Demolished by an ogre

Action                   |  1- 3 |  4- 6 || total
-------------------------+-------+-------++-------
 Fire: Hunting sling     |    22 |       ||    22
Throw: Stone             |    22 |       ||    22
 Cast: Flame Tongue      |    18 |       ||    18
       Throw Flame       |    14 |     2 ||    16
  Use: Scroll            |     2 |       ||     2
       Potion            |     1 |       ||     1
  Eat: Bread ration      |     1 |       ||     1
